3174 views
Uploaded 2020-04-18 17:54:57
Game version 1.32.3
23:20 long 4on4 ladder game on (8)MarketSquare
Saved by ChuckleMan
3174 views
Uploaded 2020-04-18 17:54:57
Game version 1.32.3
23:20 long 4on4 ladder game on (8)MarketSquare


153 units @ 19.8k
/ 2.9k
80 buildings @ 11.2k
/ 4.5k



| Healing Salve | 2 | 200 |
| Orb of Lightning | 1 | 375 |
| Potion of Healing | 1 | 150 |
| Scroll of Town Portal | 1 | 350 |
| total: | 5 | 1075g |
| Peon | 8 | 600 | / | 0 |
| Grunt | 10 | 2000 | / | 0 |
| Tauren | 4 | 1120 | / | 320 |
| total: | 22 | 3720g | / | 320w |
| Altar of Storms | 1 | 180 | / | 50 |
| Orc Burrow | 7 | 1120 | / | 280 |
| Barracks | 1 | 180 | / | 50 |
| Voodoo Lounge | 1 | 130 | / | 30 |
| War Mill | 1 | 205 | / | 0 |
| Great Hall | 1 | 385 | / | 185 |
| Tauren Totem | 2 | 270 | / | 310 |
| Stronghold | 1 | 315 | / | 190 |
| Fortress | 1 | 325 | / | 190 |
| total: | 14 | 2470g | / | 905w |
| 0:02 | Peon |
| 0:02 | Peon |
| 0:02 | Peon |
| 0:06 | Altar of Storms |
| 0:12 | Orc Burrow |
| 0:37 | Barracks |
| 0:54 | Peon |
| 0:57 | Peon |
| 1:20 | Peon |
| 1:32 | Orc Burrow |
| 1:39 | Grunt |
| 2:01 | Voodoo Lounge |
| 2:15 | Feral Spirit |
| 2:31 | Grunt |
| 3:04 | Grunt |
| 3:06 | Stronghold |
| 3:25 | War Mill |
| 3:43 | Chain Lighting |
| 3:59 | Grunt |
| 4:05 | Orc Burrow |
| 4:09 | Healing Salve |
| 5:05 | Grunt |
| 5:09 | Orc Burrow |
| 5:19 | Grunt |
| 5:38 | Berserker Strength |
| 5:42 | Fortress |
| 6:15 | Feral Spirit |
| 6:44 | Grunt |
| 6:44 | Grunt |
| 7:31 | Grunt |
| 7:58 | Tauren Totem |
| 8:00 | Orc Burrow |
| 8:21 | Chain Lighting |
| 8:44 | Endurance Aura |
| 8:59 | Grunt |
| 9:25 | Orc Burrow |
| 9:30 | Tauren Totem |
| 9:57 | Pulverize |
| 9:57 | Tauren |
| 10:16 | Peon |
| 10:16 | Peon |
| 11:04 | Tauren |
| 11:05 | Tauren |
| 11:59 | Healing Salve |
| 12:03 | Scroll of Town Portal |
| 12:03 | Orb of Lightning |
| 12:16 | Steel Armor |
| 12:35 | Potion of Healing |
| 13:14 | Tauren |
| 13:22 | Thorium Armor |
| 14:51 | Great Hall |
| 14:59 | Orc Burrow |
| 21:52 | Healing Wave |
| Right click | 1204 |
| Select | 244 |
| Select group | 237 |
| Build/train/purchase | 55 |
| Assign group | 37 |
| Use ability | 17 |
| Resource trade | 15 |
| Minimap ping | 12 |
| Misc. action | 3 |


| Scroll of Regeneration | 1 | 100 |
| Lesser Clarity Potion | 2 | 140 |
| Potion of Healing | 2 | 300 |
| Orb of Fire | 1 | 325 |
| Scroll of Town Portal | 1 | 350 |
| total: | 7 | 1215g |
| Peasant | 20 | 1500 | / | 0 |
| Footman | 3 | 405 | / | 0 |
| Flying Machine | 26 | 2600 | / | 780 |
| Mortar Team | 7 | 1260 | / | 490 |
| total: | 56 | 5765g | / | 1270w |
| Scout Tower | 4 | 120 | / | 80 |
| Guard Tower | 4 | 280 | / | 200 |
| Altar of Kings | 1 | 180 | / | 50 |
| Barracks | 1 | 160 | / | 60 |
| Farm | 13 | 1040 | / | 260 |
| Lumber Mill | 1 | 120 | / | 0 |
| Arcane Vault | 1 | 130 | / | 30 |
| Blacksmith | 1 | 140 | / | 60 |
| Town Hall | 2 | 770 | / | 410 |
| Workshop | 3 | 420 | / | 420 |
| Keep | 1 | 320 | / | 210 |
| Castle | 1 | 360 | / | 210 |
| total: | 27 | 3080g | / | 1370w |
| 0:02 | Peasant |
| 0:02 | Peasant |
| 0:12 | Altar of Kings |
| 0:16 | Barracks |
| 0:19 | Peasant |
| 0:26 | Farm |
| 0:37 | Peasant |
| 0:56 | Farm |
| 1:07 | Peasant |
| 1:20 | Footman |
| 1:23 | Peasant |
| 1:38 | Farm |
| 1:42 | Footman |
| 1:48 | Peasant |
| 2:05 | Footman |
| 2:09 | Peasant |
| 2:20 | Farm |
| 2:24 | Storm Bolt |
| 2:39 | Lumber Mill |
| 2:42 | Farm |
| 2:50 | Arcane Vault |
| 3:47 | Keep |
| 3:49 | Scout Tower |
| 3:54 | Scout Tower |
| 3:59 | Scout Tower |
| 4:11 | Farm |
| 4:19 | Blacksmith |
| 4:21 | Scroll of Regeneration |
| 4:21 | Lesser Clarity Potion |
| 4:23 | Lesser Clarity Potion |
| 4:27 | Guard Tower |
| 4:31 | Guard Tower |
| 5:33 | Town Hall |
| 5:51 | Thunder Clap |
| 6:54 | Guard Tower |
| 6:55 | Improved Lumber Harvesting |
| 6:56 | Peasant |
| 6:56 | Peasant |
| 7:09 | Storm Bolt |
| 7:14 | Thunder Clap |
| 7:30 | Holy Light |
| 7:36 | Peasant |
| 7:36 | Peasant |
| 7:39 | Castle |
| 8:26 | Improved Masonry |
| 8:29 | Workshop |
| 9:25 | Black Gunpowder |
| 9:31 | Workshop |
| 9:39 | Farm |
| 9:40 | Farm |
| 10:11 | Workshop |
| 10:14 | Advanced Lumber Harvesting |
| 10:16 | Peasant |
| 10:16 | Peasant |
| 10:16 | Peasant |
| 10:17 | Peasant |
| 10:39 | Flak Cannons |
| 11:23 | Flying Machine |
| 11:23 | Flying Machine |
| 11:23 | Flying Machine |
| 11:27 | Flying Machine |
| 11:43 | Peasant |
| 11:44 | Peasant |
| 11:46 | Peasant |
| 11:46 | Peasant |
| 11:52 | Flying Machine |
| 12:07 | Flying Machine |
| 12:07 | Flying Machine |
| 12:10 | Iron Plating |
| 12:24 | Flying Machine |
| 12:32 | Potion of Healing |
| 12:35 | Orb of Fire |
| 12:35 | Potion of Healing |
| 12:44 | Flying Machine |
| 12:44 | Flying Machine |
| 12:44 | Flying Machine |
| 13:17 | Flying Machine |
| 13:17 | Flying Machine |
| 13:17 | Flying Machine |
| 13:19 | Farm |
| 13:21 | Farm |
| 13:47 | Flying Machine |
| 13:47 | Flying Machine |
| 13:47 | Flying Machine |
| 13:48 | Flying Machine |
| 14:16 | Steel Plating |
| 14:17 | Refined Gunpowder |
| 14:26 | Devotion Aura |
| 15:16 | Flying Machine Bombs |
| 15:20 | Farm |
| 15:21 | Farm |
| 15:24 | Farm |
| 15:26 | Mithril Plating |
| 15:52 | Storm Bolt |
| 15:59 | Divine Shield |
| 16:21 | Flying Machine |
| 16:21 | Flying Machine |
| 16:21 | Flying Machine |
| 16:22 | Flying Machine |
| 17:21 | Flying Machine |
| 17:21 | Flying Machine |
| 18:13 | Holy Light |
| 18:18 | Scroll of Town Portal |
| 19:07 | Avatar |
| 19:16 | Flare |
| 19:34 | Town Hall |
| 19:53 | Barrage |
| 20:01 | Flying Machine |
| 20:03 | Flying Machine |
| 20:40 | Mortar Team |
| 20:41 | Fragmentation Shards |
| 20:52 | Scout Tower |
| 21:04 | Guard Tower |
| 21:36 | Mortar Team |
| 21:37 | Mortar Team |
| 21:57 | Mortar Team |
| 22:32 | Mortar Team |
| 22:45 | Mortar Team |
| 23:13 | Mortar Team |
| Right click | 928 |
| Select group | 464 |
| Select | 376 |
| Build/train/purchase | 110 |
| Assign group | 45 |
| Misc. action | 35 |
| Use ability | 29 |
| Resource trade | 7 |
| Minimap ping | 6 |
| Remove unit | 4 |
| Item give/drop | 2 |

| Healing Salve | 2 | 200 |
| Lesser Clarity Potion | 1 | 70 |
| Scroll of Town Portal | 1 | 350 |
| Scroll of Healing | 1 | 250 |
| total: | 5 | 870g |
| Peon | 8 | 600 | / | 0 |
| Troll Headhunter | 25 | 3500 | / | 500 |
| Troll Witch Doctor | 1 | 145 | / | 25 |
| Shaman | 6 | 780 | / | 120 |
| Grunt | 2 | 400 | / | 0 |
| Troll Berserker | 16 | 2240 | / | 320 |
| total: | 58 | 7665g | / | 965w |
| Watch Tower | 6 | 660 | / | 480 |
| Altar of Storms | 1 | 180 | / | 50 |
| Orc Burrow | 8 | 1280 | / | 320 |
| Barracks | 2 | 360 | / | 100 |
| War Mill | 1 | 205 | / | 0 |
| Voodoo Lounge | 1 | 130 | / | 30 |
| Great Hall | 2 | 770 | / | 370 |
| Spirit Lodge | 2 | 300 | / | 300 |
| Stronghold | 1 | 315 | / | 190 |
| Fortress | 1 | 325 | / | 190 |
| total: | 23 | 3885g | / | 1650w |
| 0:04 | Altar of Storms |
| 0:06 | Orc Burrow |
| 0:07 | Peon |
| 0:07 | Peon |
| 0:33 | Barracks |
| 0:45 | Peon |
| 1:11 | War Mill |
| 1:32 | Peon |
| 1:40 | Orc Burrow |
| 2:08 | Peon |
| 2:18 | Wind Walk |
| 2:27 | Troll Headhunter |
| 2:27 | Troll Headhunter |
| 2:33 | Peon |
| 2:51 | Troll Headhunter |
| 3:07 | Voodoo Lounge |
| 3:28 | Troll Headhunter |
| 3:36 | Stronghold |
| 4:02 | Steel Ranged Weapons |
| 4:19 | Healing Salve |
| 4:23 | Lesser Clarity Potion |
| 4:32 | Watch Tower |
| 4:54 | Critical Strike |
| 5:14 | Troll Headhunter |
| 5:14 | Troll Headhunter |
| 5:14 | Troll Headhunter |
| 5:14 | Troll Headhunter |
| 5:22 | Orc Burrow |
| 5:49 | Watch Tower |
| 7:06 | Orc Burrow |
| 7:10 | Spirit Lodge |
| 7:12 | Troll Regeneration |
| 7:31 | Wind Walk |
| 7:40 | Peon |
| 7:40 | Peon |
| 8:00 | Troll Headhunter |
| 8:00 | Troll Headhunter |
| 8:01 | Troll Headhunter |
| 8:01 | Troll Headhunter |
| 8:01 | Troll Headhunter |
| 8:01 | Troll Headhunter |
| 8:01 | Troll Headhunter |
| 8:05 | Orc Burrow |
| 8:30 | Troll Witch Doctor |
| 8:33 | Shaman Adept Training |
| 8:36 | Troll Headhunter |
| 8:41 | Orc Burrow |
| 9:19 | Orc Burrow |
| 9:24 | Shaman |
| 9:24 | Shaman |
| 9:24 | Shaman |
| 9:53 | Watch Tower |
| 10:42 | Spirit Lodge |
| 10:53 | Critical Strike |
| 11:12 | Fortress |
| 12:00 | Great Hall |
| 12:26 | Grunt |
| 12:29 | Troll Headhunter |
| 12:29 | Troll Headhunter |
| 12:29 | Troll Headhunter |
| 12:29 | Troll Headhunter |
| 12:29 | Troll Headhunter |
| 12:29 | Troll Headhunter |
| 12:42 | Shaman |
| 13:34 | Berserker Upgrade |
| 13:43 | Shaman Master Training |
| 13:50 | Scroll of Town Portal |
| 13:56 | Troll Headhunter |
| 13:56 | Troll Headhunter |
| 14:21 | Troll Headhunter |
| 14:25 | Barracks |
| 14:50 | Troll Berserker |
| 14:50 | Troll Berserker |
| 15:23 | Shaman |
| 15:27 | Troll Berserker |
| 15:27 | Troll Berserker |
| 15:28 | Troll Berserker |
| 16:36 | Healing Salve |
| 16:40 | Troll Berserker |
| 16:40 | Troll Berserker |
| 16:40 | Troll Berserker |
| 16:42 | Troll Berserker |
| 16:42 | Troll Berserker |
| 17:19 | Thorium Ranged Weapons |
| 17:20 | Steel Armor |
| 17:44 | Scroll of Healing |
| 18:15 | Wind Walk |
| 18:19 | Grunt |
| 18:23 | Troll Berserker |
| 18:23 | Troll Berserker |
| 18:23 | Troll Berserker |
| 18:28 | Troll Berserker |
| 19:16 | Shaman |
| 19:27 | Troll Berserker |
| 19:28 | Troll Berserker |
| 21:00 | Arcanite Ranged Weapons |
| 21:33 | Watch Tower |
| 21:42 | Watch Tower |
| 22:25 | Great Hall |
| 22:45 | Watch Tower |
| 23:12 | Orc Burrow |
| Right click | 1097 |
| Select group | 411 |
| Select | 354 |
| Build/train/purchase | 110 |
| Assign group | 28 |
| Use ability | 14 |
| Remove unit | 8 |
| Minimap ping | 4 |


| Scroll of Regeneration | 1 | 100 |
| Lesser Clarity Potion | 1 | 70 |
| Potion of Healing | 1 | 150 |
| Potion of Mana | 1 | 200 |
| Scroll of Town Portal | 1 | 350 |
| total: | 5 | 870g |
| Peasant | 6 | 450 | / | 0 |
| Rifleman | 10 | 2050 | / | 300 |
| Rogue | 1 | 150 | / | 0 |
| total: | 17 | 2650g | / | 300w |
| Scout Tower | 1 | 30 | / | 20 |
| Altar of Kings | 1 | 180 | / | 50 |
| Blacksmith | 1 | 140 | / | 60 |
| Barracks | 2 | 320 | / | 120 |
| Farm | 7 | 560 | / | 140 |
| Arcane Vault | 2 | 260 | / | 60 |
| Lumber Mill | 1 | 120 | / | 0 |
| Arcane Sanctum | 1 | 150 | / | 140 |
| Keep | 1 | 320 | / | 210 |
| Castle | 1 | 360 | / | 210 |
| total: | 16 | 1760g | / | 590w |
| 0:04 | Peasant |
| 0:05 | Peasant |
| 0:05 | Peasant |
| 0:39 | Peasant |
| 0:52 | Altar of Kings |
| 0:58 | Blacksmith |
| 1:02 | Barracks |
| 1:04 | Farm |
| 1:10 | Peasant |
| 1:23 | Farm |
| 1:28 | Peasant |
| 1:59 | Farm |
| 2:30 | Rifleman |
| 2:34 | Farm |
| 2:39 | Arcane Vault |
| 2:45 | Rifleman |
| 2:55 | Holy Light |
| 3:13 | Scout Tower |
| 3:32 | Rifleman |
| 3:34 | Rifleman |
| 3:38 | Farm |
| 4:00 | Lumber Mill |
| 4:19 | Rifleman |
| 4:22 | Rifleman |
| 4:47 | Devotion Aura |
| 5:46 | Keep |
| 5:51 | Farm |
| 5:53 | Farm |
| 6:15 | Rogue |
| 6:31 | Holy Light |
| 6:49 | Rifleman |
| 6:50 | Rifleman |
| 6:58 | Scroll of Regeneration |
| 6:58 | Lesser Clarity Potion |
| 8:27 | Long Rifles |
| 8:29 | Black Gunpowder |
| 8:34 | Rifleman |
| 8:36 | Rifleman |
| 9:04 | Divine Shield |
| 9:31 | Storm Bolt |
| 11:04 | Thunder Clap |
| 11:13 | Arcane Sanctum |
| 11:17 | Barracks |
| 11:19 | Castle |
| 11:35 | Arcane Vault |
| 12:38 | Priest Adept Training |
| 14:00 | Scroll of Town Portal |
| 14:00 | Potion of Healing |
| 14:01 | Potion of Mana |
| 18:07 | Devotion Aura |
| Right click | 509 |
| Select | 156 |
| Select group | 154 |
| Build/train/purchase | 44 |
| Assign group | 23 |
| Use ability | 18 |
| Resource trade | 14 |
| Minimap ping | 6 |
| Remove unit | 1 |
207 units @ 22.7k
/ 2.1k
109 buildings @ 15.3k
/ 7.5k

| Orb of Venom | 1 | 325 |
| Potion of Healing | 1 | 150 |
| Scroll of Town Portal | 1 | 350 |
| total: | 3 | 825g |
| Wisp | 9 | 540 | / | 0 |
| Archer | 21 | 2730 | / | 210 |
| Huntress | 4 | 780 | / | 80 |
| Hippogryph | 16 | 2560 | / | 320 |
| total: | 50 | 6610g | / | 610w |
| Ancient Protector | 1 | 135 | / | 80 |
| Altar of Elders | 1 | 180 | / | 50 |
| Moon Well | 5 | 900 | / | 200 |
| Ancient of War | 1 | 150 | / | 60 |
| Hunter's Hall | 1 | 210 | / | 100 |
| Ancient of Wonders | 1 | 90 | / | 30 |
| Ancient of Wind | 1 | 150 | / | 140 |
| Tree of Ages | 1 | 320 | / | 180 |
| Tree of Eternity | 1 | 330 | / | 200 |
| total: | 11 | 1815g | / | 660w |
| 0:04 | Wisp |
| 0:04 | Wisp |
| 0:04 | Wisp |
| 0:14 | Altar of Elders |
| 0:23 | Moon Well |
| 0:30 | Ancient of War |
| 0:43 | Wisp |
| 0:46 | Wisp |
| 0:57 | Wisp |
| 1:25 | Moon Well |
| 1:32 | Archer |
| 1:39 | Wisp |
| 1:56 | Archer |
| 2:27 | Hunter's Hall |
| 2:30 | Archer |
| 2:39 | Immolation |
| 2:48 | Wisp |
| 2:53 | Archer |
| 3:15 | Archer |
| 3:33 | Ancient Protector |
| 3:38 | Huntress |
| 3:56 | Strength of the Moon |
| 4:02 | Huntress |
| 4:41 | Moon Armor |
| 4:56 | Moon Well |
| 5:01 | Wisp |
| 5:19 | Tree of Ages |
| 5:36 | Ultravision |
| 5:48 | Evasion |
| 7:15 | Strength of the Wild |
| 7:20 | Huntress |
| 7:29 | Huntress |
| 7:38 | Moon Well |
| 7:41 | Improved Strength of the Moon |
| 7:54 | Ancient of Wind |
| 8:00 | Improved Bows |
| 8:15 | Improved Moon Armor |
| 8:40 | Archer |
| 8:41 | Archer |
| 9:11 | Hippogryph |
| 9:11 | Hippogryph |
| 9:11 | Hippogryph |
| 9:18 | Archer |
| 9:47 | Evasion |
| 11:12 | Hippogryph |
| 11:13 | Hippogryph |
| 11:17 | Archer |
| 11:17 | Archer |
| 11:31 | Reinforced Hides |
| 11:47 | Archer |
| 11:48 | Archer |
| 11:50 | Hippogryph |
| 11:53 | Tree of Eternity |
| 11:59 | Moon Well |
| 12:40 | Hippogryph |
| 12:42 | Archer |
| 12:43 | Improved Strength of the Wild |
| 13:20 | Archer |
| 13:20 | Archer |
| 13:25 | Hippogryph |
| 14:21 | Advanced Strength of the Moon |
| 14:24 | Advanced Moon Armor |
| 15:02 | Hippogryph |
| 15:02 | Hippogryph |
| 15:07 | Marksmanship |
| 15:43 | Archer |
| 15:50 | Archer |
| 16:05 | Ancient of Wonders |
| 16:26 | Hippogryph |
| 16:27 | Hippogryph |
| 16:32 | Archer |
| 16:32 | Archer |
| 16:55 | Improved Reinforced Hides |
| 18:20 | Advanced Strength of the Wild |
| 18:25 | Hippogryph |
| 19:13 | Hippogryph |
| 19:14 | Hippogryph |
| 19:20 | Archer |
| 19:57 | Archer |
| 19:59 | Hippogryph |
| 20:33 | Scroll of Town Portal |
| 21:15 | Immolation |
| 21:45 | Advanced Reinforced Hides |
| 22:03 | Orb of Venom |
| 22:05 | Potion of Healing |
| Right click | 496 |
| Select | 197 |
| Build/train/purchase | 90 |
| Select group | 54 |
| Assign group | 26 |
| Use ability | 10 |
| Chat | 4 |
| Minimap ping | 3 |
| Remove unit | 1 |

| Healing Salve | 3 | 300 |
| Scroll of Town Portal | 3 | 1050 |
| Scroll of Healing | 3 | 750 |
| Potion of Lesser Invulnerability | 2 | 300 |
| total: | 11 | 2400g |
| Peon | 12 | 900 | / | 0 |
| Troll Headhunter | 20 | 2800 | / | 400 |
| Shaman | 9 | 1170 | / | 180 |
| Troll Witch Doctor | 1 | 145 | / | 25 |
| Troll Berserker | 1 | 140 | / | 20 |
| total: | 43 | 5155g | / | 625w |
| Watch Tower | 4 | 440 | / | 320 |
| Orc Burrow | 6 | 960 | / | 240 |
| War Mill | 2 | 410 | / | 0 |
| Barracks | 1 | 180 | / | 50 |
| Altar of Storms | 1 | 180 | / | 50 |
| Voodoo Lounge | 2 | 260 | / | 60 |
| Great Hall | 1 | 385 | / | 185 |
| Spirit Lodge | 3 | 450 | / | 450 |
| Stronghold | 1 | 315 | / | 190 |
| Fortress | 1 | 325 | / | 190 |
| total: | 20 | 3265g | / | 1355w |
| 0:03 | Peon |
| 0:10 | Peon |
| 0:20 | Orc Burrow |
| 0:23 | Peon |
| 0:35 | War Mill |
| 0:39 | Peon |
| 0:53 | Barracks |
| 1:01 | Peon |
| 1:07 | Altar of Storms |
| 1:16 | Peon |
| 1:44 | Orc Burrow |
| 1:54 | Troll Headhunter |
| 2:14 | Troll Headhunter |
| 2:18 | Voodoo Lounge |
| 2:23 | Voodoo Lounge |
| 2:28 | Troll Headhunter |
| 2:38 | Peon |
| 2:55 | Troll Headhunter |
| 3:11 | War Stomp |
| 3:40 | Troll Headhunter |
| 3:50 | Orc Burrow |
| 3:56 | Healing Salve |
| 4:01 | Stronghold |
| 4:14 | Troll Headhunter |
| 4:27 | Troll Headhunter |
| 4:39 | Steel Ranged Weapons |
| 4:59 | Troll Headhunter |
| 5:09 | Endurance Aura |
| 5:16 | Healing Salve |
| 5:25 | Troll Headhunter |
| 5:29 | Steel Armor |
| 5:41 | Troll Headhunter |
| 5:59 | Troll Headhunter |
| 6:03 | Orc Burrow |
| 6:21 | Troll Headhunter |
| 6:24 | Troll Regeneration |
| 6:50 | Troll Headhunter |
| 6:58 | Spirit Lodge |
| 7:23 | Troll Headhunter |
| 7:39 | Thorium Ranged Weapons |
| 7:42 | Troll Headhunter |
| 7:56 | Troll Headhunter |
| 8:20 | Shaman |
| 8:30 | Thorium Armor |
| 8:38 | Endurance Aura |
| 9:13 | Shaman |
| 9:19 | Troll Headhunter |
| 9:24 | Scroll of Town Portal |
| 9:37 | Shaman Adept Training |
| 9:40 | Troll Headhunter |
| 10:03 | Scroll of Healing |
| 10:08 | Potion of Lesser Invulnerability |
| 10:30 | Troll Headhunter |
| 11:17 | Troll Witch Doctor |
| 11:17 | Shaman |
| 11:38 | Fortress |
| 11:40 | Troll Headhunter |
| 12:27 | Orc Burrow |
| 12:28 | Orc Burrow |
| 13:29 | Reinforced Defenses |
| 13:31 | Spirit Lodge |
| 13:33 | War Stomp |
| 14:01 | Berserker Upgrade |
| 14:03 | Shaman Master Training |
| 14:06 | Shaman |
| 14:26 | Scroll of Town Portal |
| 14:32 | Arcanite Ranged Weapons |
| 14:45 | Shaman |
| 14:45 | Shaman |
| 15:55 | War Stomp |
| 17:08 | Shaman |
| 17:10 | Troll Berserker |
| 17:12 | Arcanite Armor |
| 17:18 | Peon |
| 17:18 | Peon |
| 17:18 | Peon |
| 17:24 | War Mill |
| 17:47 | Peon |
| 18:07 | Shaman |
| 18:13 | Shaman |
| 18:20 | Peon |
| 19:23 | Scroll of Town Portal |
| 19:24 | Healing Salve |
| 19:46 | Potion of Lesser Invulnerability |
| 19:48 | Scroll of Healing |
| 19:54 | Scroll of Healing |
| 20:06 | Great Hall |
| 20:49 | Watch Tower |
| 20:54 | Watch Tower |
| 20:55 | Watch Tower |
| 20:59 | Watch Tower |
| 21:12 | Witch Doctor Adept Training |
| 21:49 | Spirit Lodge |
| 22:15 | Witch Doctor Master Training |
| Right click | 530 |
| Select group | 462 |
| Select | 246 |
| Chat | 212 |
| Misc. action | 103 |
| Build/train/purchase | 87 |
| Assign group | 50 |
| Use ability | 12 |
| Remove unit | 9 |
| Resource trade | 5 |
| Item give/drop | 2 |
| Minimap ping | 2 |

| Scroll of Regeneration | 3 | 300 |
| Orb of Fire | 1 | 325 |
| Scroll of Town Portal | 3 | 1050 |
| Periapt of Vitality | 1 | 325 |
| Boots of Speed | 1 | 250 |
| total: | 9 | 2250g |
| Peasant | 9 | 675 | / | 0 |
| Footman | 10 | 1350 | / | 0 |
| Knight | 7 | 1715 | / | 420 |
| total: | 26 | 3740g | / | 420w |
| Scout Tower | 9 | 270 | / | 180 |
| Altar of Kings | 1 | 180 | / | 50 |
| Barracks | 2 | 320 | / | 120 |
| Farm | 9 | 720 | / | 180 |
| Lumber Mill | 1 | 120 | / | 0 |
| Arcane Vault | 1 | 130 | / | 30 |
| Blacksmith | 1 | 140 | / | 60 |
| Keep | 1 | 320 | / | 210 |
| Castle | 1 | 360 | / | 210 |
| total: | 24 | 1880g | / | 620w |
| 0:04 | Peasant |
| 0:04 | Peasant |
| 0:04 | Peasant |
| 0:05 | Peasant |
| 0:05 | Peasant |
| 0:17 | Altar of Kings |
| 0:30 | Barracks |
| 0:53 | Farm |
| 1:10 | Lumber Mill |
| 1:13 | Peasant |
| 1:19 | Peasant |
| 1:33 | Farm |
| 1:53 | Farm |
| 1:56 | Footman |
| 1:59 | Footman |
| 2:06 | Footman |
| 2:22 | Arcane Vault |
| 2:32 | Farm |
| 2:42 | Footman |
| 3:00 | Footman |
| 3:11 | Barracks |
| 3:18 | Farm |
| 3:34 | Footman |
| 4:03 | Scroll of Regeneration |
| 4:08 | Devotion Aura |
| 4:26 | Blacksmith |
| 4:56 | Footman |
| 5:02 | Peasant |
| 5:03 | Peasant |
| 5:10 | Improved Masonry |
| 5:46 | Holy Light |
| 6:08 | Farm |
| 6:09 | Keep |
| 6:12 | Iron Forged Swords |
| 6:12 | Iron Plating |
| 7:41 | Farm |
| 8:28 | Devotion Aura |
| 9:25 | Castle |
| 9:29 | Footman |
| 9:32 | Improved Lumber Harvesting |
| 9:32 | Advanced Masonry |
| 9:34 | Steel Forged Swords |
| 9:35 | Steel Plating |
| 9:40 | Farm |
| 9:52 | Scroll of Regeneration |
| 10:03 | Footman |
| 10:25 | Farm |
| 10:32 | Footman |
| 10:37 | Scroll of Regeneration |
| 10:49 | Scroll of Town Portal |
| 12:09 | Sundering Blades |
| 12:10 | Animal War Training |
| 12:13 | Advanced Lumber Harvesting |
| 12:13 | Imbued Masonry |
| 12:16 | Mithril Forged Swords |
| 13:50 | Mithril Plating |
| 14:47 | Knight |
| 14:51 | Knight |
| 14:59 | Holy Light |
| 16:35 | Knight |
| 17:10 | Knight |
| 17:22 | Scroll of Town Portal |
| 17:22 | Periapt of Vitality |
| 17:23 | Boots of Speed |
| 17:45 | Knight |
| 17:55 | Scroll of Town Portal |
| 17:56 | Orb of Fire |
| 18:13 | Knight |
| 21:33 | Knight |
| 21:49 | Scout Tower |
| 21:54 | Scout Tower |
| 21:58 | Scout Tower |
| 22:02 | Scout Tower |
| 22:28 | Scout Tower |
| 22:31 | Scout Tower |
| 22:38 | Scout Tower |
| 22:43 | Scout Tower |
| 23:16 | Scout Tower |
| Right click | 336 |
| Select | 152 |
| Build/train/purchase | 59 |
| Misc. action | 14 |
| Use ability | 11 |
| Resource trade | 5 |
| Item give/drop | 2 |


| Orb of Venom | 1 | 325 |
| Scroll of Town Portal | 3 | 1050 |
| Scroll of Speed | 1 | 50 |
| Orb of Lightning | 1 | 375 |
| Tiny Great Hall | 1 | 600 |
| total: | 7 | 2400g |
| Wisp | 81 | 4860 | / | 0 |
| Chimaera | 7 | 2310 | / | 490 |
| total: | 88 | 7170g | / | 490w |
| Ancient Protector | 33 | 4455 | / | 2640 |
| Ancient of War | 1 | 150 | / | 60 |
| Altar of Elders | 1 | 180 | / | 50 |
| Moon Well | 7 | 1260 | / | 280 |
| Tree of Life | 3 | 1020 | / | 555 |
| Hunter's Hall | 1 | 210 | / | 100 |
| Ancient of Wonders | 2 | 180 | / | 60 |
| Ancient of Wind | 1 | 150 | / | 140 |
| Chimaera Roost | 5 | 700 | / | 950 |
| Tree of Ages | 2 | 640 | / | 360 |
| Tree of Eternity | 2 | 660 | / | 400 |
| total: | 54 | 8305g | / | 4835w |
| 0:03 | Wisp |
| 0:03 | Wisp |
| 0:13 | Wisp |
| 0:26 | Ancient of War |
| 0:30 | Altar of Elders |
| 0:34 | Moon Well |
| 0:40 | Wisp |
| 0:40 | Wisp |
| 0:51 | Wisp |
| 0:59 | Wisp |
| 1:07 | Wisp |
| 1:39 | Moon Well |
| 1:40 | Wisp |
| 1:41 | Wisp |
| 1:41 | Wisp |
| 1:41 | Wisp |
| 1:41 | Wisp |
| 1:48 | Wisp |
| 2:09 | Wisp |
| 2:09 | Wisp |
| 2:33 | Force of Nature |
| 2:45 | Tree of Life |
| 3:09 | Tree of Ages |
| 3:31 | Hunter's Hall |
| 3:33 | Entangling Roots |
| 4:47 | Ultravision |
| 4:50 | Tree of Life |
| 5:11 | Moon Well |
| 5:26 | Wisp |
| 5:26 | Wisp |
| 5:26 | Wisp |
| 5:32 | Tree of Eternity |
| 6:01 | Ancient of Wind |
| 6:05 | Strength of the Wild |
| 6:32 | Force of Nature |
| 7:01 | Wisp |
| 7:01 | Wisp |
| 7:01 | Wisp |
| 7:01 | Wisp |
| 7:01 | Wisp |
| 7:05 | Wisp |
| 7:05 | Wisp |
| 7:05 | Wisp |
| 7:05 | Wisp |
| 7:06 | Wisp |
| 7:06 | Wisp |
| 7:06 | Wisp |
| 7:37 | Improved Strength of the Wild |
| 7:42 | Wisp |
| 7:42 | Wisp |
| 7:43 | Wisp |
| 7:43 | Wisp |
| 7:57 | Chimaera Roost |
| 8:00 | Chimaera Roost |
| 8:16 | Chimaera Roost |
| 8:19 | Chimaera Roost |
| 8:21 | Chimaera Roost |
| 8:23 | Wisp |
| 8:23 | Wisp |
| 8:23 | Wisp |
| 8:23 | Wisp |
| 8:24 | Wisp |
| 8:30 | Moon Well |
| 8:39 | Moon Well |
| 8:59 | Reinforced Hides |
| 9:26 | Moon Well |
| 9:27 | Moon Well |
| 9:35 | Chimaera |
| 9:45 | Chimaera |
| 9:48 | Chimaera |
| 10:15 | Advanced Strength of the Wild |
| 10:21 | Nature's Blessing |
| 10:34 | Trueshot Aura |
| 10:38 | Chimaera |
| 10:43 | Ancient of Wonders |
| 10:45 | Ancient of Wonders |
| 11:09 | Scout |
| 11:10 | Chimaera |
| 11:16 | Corrosive Breath |
| 11:26 | Improved Reinforced Hides |
| 11:50 | Chimaera |
| 12:33 | Chimaera |
| 12:43 | Entangling Roots |
| 13:26 | Advanced Reinforced Hides |
| 13:27 | Well Spring |
| 13:29 | Trueshot Aura |
| 14:12 | Force of Nature |
| 14:17 | Scout |
| 14:37 | Scroll of Town Portal |
| 14:38 | Scroll of Speed |
| 14:38 | Orb of Lightning |
| 14:38 | Tiny Great Hall |
| 14:46 | Ancient Protector |
| 14:46 | Ancient Protector |
| 14:48 | Ancient Protector |
| 15:22 | Scroll of Town Portal |
| 15:39 | Ancient Protector |
| 15:40 | Ancient Protector |
| 15:40 | Ancient Protector |
| 15:43 | Ancient Protector |
| 15:45 | Ancient Protector |
| 15:49 | Wisp |
| 15:52 | Ancient Protector |
| 15:53 | Ancient Protector |
| 16:16 | Ancient Protector |
| 16:17 | Wisp |
| 16:17 | Wisp |
| 16:17 | Wisp |
| 16:17 | Wisp |
| 16:47 | Trueshot Aura |
| 17:01 | Tranquility |
| 17:19 | Ancient Protector |
| 17:19 | Ancient Protector |
| 17:20 | Ancient Protector |
| 17:20 | Ancient Protector |
| 17:21 | Ancient Protector |
| 17:22 | Wisp |
| 17:22 | Wisp |
| 17:22 | Wisp |
| 17:22 | Wisp |
| 17:23 | Wisp |
| 17:26 | Wisp |
| 17:26 | Wisp |
| 17:26 | Wisp |
| 17:26 | Wisp |
| 17:27 | Wisp |
| 18:11 | Ancient Protector |
| 18:12 | Ancient Protector |
| 18:13 | Ancient Protector |
| 18:13 | Ancient Protector |
| 18:14 | Wisp |
| 18:15 | Wisp |
| 18:15 | Wisp |
| 18:15 | Wisp |
| 18:16 | Wisp |
| 18:16 | Wisp |
| 18:17 | Wisp |
| 18:19 | Ancient Protector |
| 19:17 | Tree of Life |
| 19:30 | Ancient Protector |
| 20:53 | Scroll of Town Portal |
| 20:53 | Orb of Venom |
| 21:03 | Ancient Protector |
| 21:04 | Ancient Protector |
| 21:08 | Wisp |
| 21:08 | Wisp |
| 21:08 | Wisp |
| 21:09 | Wisp |
| 21:09 | Wisp |
| 21:14 | Ancient Protector |
| 21:14 | Ancient Protector |
| 21:15 | Ancient Protector |
| 21:16 | Ancient Protector |
| 21:17 | Wisp |
| 21:17 | Wisp |
| 21:18 | Wisp |
| 21:18 | Wisp |
| 22:45 | Wisp |
| 22:45 | Wisp |
| 22:46 | Wisp |
| 22:46 | Wisp |
| 22:46 | Wisp |
| 22:50 | Ancient Protector |
| 22:51 | Ancient Protector |
| 22:52 | Ancient Protector |
| 22:53 | Ancient Protector |
| 22:54 | Ancient Protector |
| 22:56 | Wisp |
| 22:56 | Wisp |
| 22:56 | Wisp |
| 22:57 | Wisp |
| 22:57 | Wisp |
| Right click | 854 |
| Select group | 319 |
| Select | 286 |
| Chat | 279 |
| Build/train/purchase | 146 |
| Use ability | 139 |
| Assign group | 118 |
| Misc. action | 27 |
| Minimap ping | 8 |
| Esc | 6 |
⇛